 Dungeon Crawl Stone Soup version 0.30-a0-777-ga9a30cbeda (webtiles) character file.

Game seed: 13572126935016279988

13742 IdlyInterested the Basher (level 11, -9/78 HPs)
             Began as a Demonspawn Gladiator on Feb 14, 2023.
             Mangled by a skeletal warrior
             ... wielding a +0 battleaxe of freezing
              (11 damage)
             ... on level 11 of the Dungeon.
             The game lasted 00:34:47 (12371 turns).

IdlyInterested the Basher (Demonspawn Gladiator)   Turns: 12371, Time: 00:34:48

Health: -9/78      AC: 21    Str: 19    XL:     11   Next: 79%
Magic:  11/11      EV: 14    Int:  9    God:
Gold:   88         SH:  5    Dex: 24    Spells: 10/10 levels left

rFire   . . .      SeeInvis .    g - +1 flail (heavy)
rCold   . . .      Faith    .    (no shield)
rNeg    . . .      Spirit   .    r - +5 chain mail "Tidaefie" {Dex+3}
rPois   .          Reflect  +    c - +1 helmet
rElec   .          Harm     .    k - +0 cloak
rCorr   +          Rampage  .    (no gloves)
Will    .....                    (no boots) Stlth
                                 D - amulet of reflection
HPRegen 0.33/turn                o - +5 ring of evasion
MPRegen 0.12/turn                L - +6 ring of dexterity

@: mighty
A: yellow scales 3, ignite blood 1, demonic touch 1
a: no special abilities


You were on level 11 of the Dungeon.
You visited 2 branches of the dungeon, and saw 12 of its levels.
You also visited: Sewer.

You collected 558 gold pieces.
You spent 470 gold pieces at shops.

Inventory:

Hand Weapons
 g - a +1 heavy flail (weapon)
 x - a +0 morningstar
 C - a +1 whip of venom
 F - a +3 flail
 G - the +8 rapier "Enenoiqu" {flame, *Rage rElec rPois}
   (You found it on level 7 of the Dungeon)

   rElec:     It insulates you from electricity.
   rPois:     It protects you from poison.
   *Rage:     It berserks you when you make melee attacks (+20% chance).
Missiles
 d - 4 throwing nets
 e - a javelin
 f - 41 poisoned darts (quivered)
 t - 3 boomerangs
 P - a curare-tipped dart
Armour
 c - a +1 helmet (worn)
 k - a +0 cloak (worn)
 m - a +2 ring mail of fire resistance
 r - the +5 chain mail "Tidaefie" (worn) {Dex+3}
   (You found it on level 4 of the Dungeon)

   Dex:       It affects your dexterity (+3).
 N - a +3 leather armour of poison resistance
Magical Staves
 i - a staff of air
Jewellery
 o - a +5 ring of evasion (left hand)
 s - a ring of see invisible
 w - a ring of protection from cold
 D - an amulet of reflection (around neck)
 L - a +6 ring of dexterity (right hand)
 O - an amulet of guardian spirit
Wands
 a - a wand of flame (45)
 y - a wand of charming (3)
 I - a wand of digging (5)
 S - a wand of roots (3)
Scrolls
 q - 3 scrolls of poison
 u - 4 scrolls of teleportation
 H - a scroll of vulnerability
 J - a scroll of enchant weapon
 K - a scroll of immolation
 Q - a scroll of amnesia
Potions
 b - 3 potions of brilliance
 h - 2 potions of attraction
 j - 3 potions of lignification
 l - a potion of curing
 n - a potion of resistance
 p - a potion of magic
 v - 5 potions of mutation
 A - 3 potions of haste
 B - 5 potions of flight
 E - a potion of cancellation
 M - a potion of berserk rage
 R - a potion of ambrosia


   Skills:
 + Level 4.4 Fighting
 * Level 14.8 Maces & Flails
 - Level 6.0 Throwing
 - Level 4.0 Armour
 - Level 3.0 Dodging
 - Level 2.0 Stealth
 - Level 4.0 Unarmed Combat
 - Level 2.0 Evocations


You had 10 spell levels left.
You didn't know any spells.
Your spell library contained the following spells:

 Spells                   Type           Power      Damage    Failure   Level
 Sting                    Tmut/Pois      0%         1d3       99%         1
 Poisonous Vapours        Pois/Air       0%         N/A       100%        2
 Stone Arrow              Conj/Erth      0%         3d7       100%        3
 Animate Armour           Summ/Erth      0%         N/A       100%        4
 Olgreb's Toxic Radiance  Pois           0%         N/A       100%        4
 Lehudib's Crystal Spear  Conj/Erth      0%         10d2      100%        8


Dungeon Overview and Level Annotations

Branches:
Dungeon (11/15)            Temple (1/1) D:5             Orc (0/2) D:9
  Sewer (visited)
   Lair: D:8-11

Altars:
Ashenzari
Cheibriados
Dithmenos
Fedhas
Gozag
Hepliaklqana
Kikubaaqudgha
Makhleb
Nemelex Xobeh
Okawaru
Qazlal
Ru
Sif Muna
Trog
Uskayaw
Vehumet
Wu Jian
Xom
Yredelemnul

Shops:
D:3 (!   D:7 :   D:8 *?*

Annotations:
D:11 Fannar


Innate Abilities, Weirdness & Mutations

You are completely covered in yellow scales. (AC +4, rCorr)
Your demonic aura sometimes causes spilled blood to erupt in flames.
Your touch may inflict minor irresistible damage on your foes.


Message History

The soul eater is moderately wounded.
The kobold demonologist mumbles some strange words.
The soul eater hits you but does no damage.
You closely miss the soul eater. Your touch misses the soul eater.
The soul eater is moderately wounded.
A yak comes into view.
The kobold demonologist mumbles some strange words.
The soul eater closely misses you.
The yak bellows!
You hit the soul eater.
The soul eater is moderately wounded.
You hear a shout!
Fannar the Cold-Hearted comes into view.
They are wielding a staff of cold and wearing a +1 robe of cold resistance.
The kobold demonologist casts a cantrip, but nothing happens.
The soul eater hits you but does no damage.
You closely miss the soul eater.
The soul eater is moderately wounded.
The soul eater hits you.
* * * LOW HITPOINT WARNING * * *
You sock the soul eater!
The soul eater is severely wounded.
The soul eater disappears in a puff of smoke!
You bludgeon the yak!!
The yak is heavily wounded.
The yak closely misses you.
You beat the yak like a drum!!!
You kill the yak!
The crimson imp disappears in a puff of smoke!
Fannar gestures wildly while chanting.
Fannar blinks!
You bludgeon the skeletal warrior!!
The skeletal warrior is moderately damaged.
The skeletal warrior hits you with a +0 battleaxe of freezing!
* * * LOW HITPOINT WARNING * * *
The skeletal warrior freezes you.
* * * LOW HITPOINT WARNING * * *
You hit the skeletal warrior. Your punch misses the skeletal warrior.
The skeletal warrior is heavily damaged.
The skeletal warrior hits you with a +0 battleaxe of freezing!
You die...

..~
(..
#C#
#(5
#K##


#Yz #z# #@# #.# ### You could see 2 skeletal warriors, a cyclops, a kobold
demonologist, a yak and a crimson imp (summoned).

Vanquished Creatures
  Harold (D:9)
  The ghost of Lanacter the Zephyrmancer, a journeyman TeAE of Sif Muna (D:9)
  4 two-headed ogres
  2 skeletal warriors (D:11)
  A kobold demonologist (D:11)
  2 komodo dragons (D:11)
  A hornet (D:9)
  9 yaks
  A human (D:9)
  4 wyverns
  2 wraiths (D:9)
  A steam dragon (D:9)
  Grum (D:9)
  2 wargs (D:9)
  2 water moccasins
  2 acid dragons
  3 orc warriors
  5 ice beasts
  3 sky beasts (D:7)
  2 ogres
  3 centaurs
  4 wolves (D:9)
  A phantom (D:4)
  3 bullfrogs
  7 kobold brigands
  A gnoll sergeant (D:7)
  A necrophage (D:7)
  6 scorpions
  6 wights
  5 killer bees
  3 howler monkeys (D:10)
  2 jellies
  3 hounds
  8 orc priests
  Crazy Yiuf (D:3)
  4 gnoll boudas
  3 iguanas
  Natasha (thrice) (D:2)
  10 orc wizards
  Robin (D:2)
  19 gnolls
  2 river rats (Sewer)
  11 adders
  A shadow imp (D:5)
  3 white imps
  2 ufetubi
  3 worms
  2 dart slugs
  35 orcs
  4 bats
  8 endoplasms
  7 giant cockroaches
  13 goblins
  13 hobgoblins
  8 kobolds
  3 quokkas
  8 ball pythons
  6 frilled lizards
  13 rats
285 creatures vanquished.

Vanquished Creatures (others)
  4 plants
  2 withered plants (D:9)
6 creatures vanquished.

Grand Total: 291 creatures vanquished

Notes
Turn   | Place    | Note
-------+----------+-------------------------------------------
     0 | D:1      | IdlyInterested the Demonspawn Gladiator began the quest for
                  | the Orb.
     0 | D:1      | Reached XP level 1. HP: 16/16 MP: 1/1
   118 | D:1      | Reached skill level 3 in Maces & Flails
   134 | D:1      | Gained mutation: Your demonic aura sometimes causes spilled
                  | blood to erupt in flames. [demonic ancestry]
   134 | D:1      | Reached XP level 2. HP: 21/22 MP: 2/2
   353 | D:1      | Reached XP level 3. HP: 26/27 MP: 3/3
   869 | D:2      | Noticed Natasha
   881 | D:2      | Killed Natasha
  1054 | D:2      | Reached skill level 4 in Maces & Flails
  1073 | D:2      | Gained mutation: Your touch may inflict minor irresistible
                  | damage on your foes. [demonic ancestry]
  1073 | D:2      | Reached XP level 4. HP: 33/33 MP: 4/4
  1185 | D:2      | Noticed Natasha
  1187 | D:2      | Noticed Robin
  1195 | D:2      | Killed Natasha
  1202 | D:2      | Killed Robin
  1374 | D:2      | Reached XP level 5. HP: 38/38 MP: 5/5
  1550 | D:2      | Noticed Natasha
  1556 | D:2      | Killed Natasha
  1942 | D:3      | Found Coresen's Distillery.
  1954 | D:3      | Found Cuatway's Antique Weapon Emporium.
  2555 | D:3      | Found a runed translucent door.
  2556 | D:3      | Noticed Crazy Yiuf
  2693 | D:3      | Killed Crazy Yiuf
  2694 | D:3      | Reached skill level 5 in Maces & Flails
  2748 | D:3      | Bought a potion of resistance for 130 gold pieces
  3142 | D:4      | Identified the +5 chain mail "Tidaefie" {Dex+3}
  3510 | D:4      | Noticed a phantom
  3513 | D:4      | Gained mutation: You are partially covered in yellow
                  | scales. (AC +2) [demonic ancestry]
  3513 | D:4      | Reached XP level 6. HP: 35/44 MP: 6/6
  3984 | D:3      | Bought a potion of haste for 130 gold pieces
  4058 | D:5      | Entered Level 5 of the Dungeon
  4146 | D:5      | Found a glowing drain.
  4151 | Sewer    | Entered a sewer
  4207 | Sewer    | Reached skill level 6 in Maces & Flails
  4353 | Sewer    | Reached XP level 7. HP: 31/50 MP: 7/7
  4881 | Sewer    | Reached skill level 7 in Maces & Flails
  5249 | D:5      | Found a staircase to the Ecumenical Temple.
  5269 | D:5      | Reached skill level 5 in Throwing
  5269 | D:5      | Reached XP level 8. HP: 48/56 MP: 8/8
  5291 | D:5      | Reached skill level 8 in Maces & Flails
  5498 | Temple   | Entered the Ecumenical Temple
  6463 | D:6      | Reached skill level 9 in Maces & Flails
  6823 | D:6      | Reached skill level 1 in Unarmed Combat
  6936 | D:6      | Gained mutation: You are mostly covered in yellow scales.
                  | (AC +3) [demonic ancestry]
  6936 | D:6      | Reached XP level 9. HP: 61/61 MP: 9/9
  6968 | D:6      | Noticed a two-headed ogre
  6975 | D:6      | Killed a two-headed ogre
  6976 | D:6      | Reached skill level 10 in Maces & Flails
  7195 | D:6      | Reached skill level 1 in Armour
  7542 | D:3      | Bought a potion of cancellation for 104 gold pieces
  7655 | D:7      | Found Ciowk's Book Boutique.
  7788 | D:7      | Reached skill level 1 in Stealth
  7872 | D:7      | Identified the +8 rapier "Enenoiqu" {flame, *Rage rElec
                  | rPois}
  7884 | D:7      | Reached skill level 11 in Maces & Flails
  8129 | D:7      | Reached skill level 1 in Evocations
  8129 | D:7      | Reached XP level 10. HP: 67/67 MP: 10/10
  8687 | D:3      | Bought a potion of flight for 39 gold pieces
  9307 | D:8      | Found Doumoan's Magic Scroll Shoppe.
  9311 | D:8      | Reached skill level 12 in Maces & Flails
  9479 | D:8      | Found Mounuxt's Assorted Antiques.
  9563 | D:8      | Found Voalol's General Store.
 10100 | D:3      | Bought a potion of attraction for 39 gold pieces
 10323 | D:9      | Paralysed by a hornet for 2 turns
 10708 | D:9      | Found a staircase to the Orcish Mines.
 10724 | D:9      | Noticed Grum
 10733 | D:9      | Reached skill level 13 in Maces & Flails
 10738 | D:9      | Killed Grum
 10921 | D:9      | Found a runed translucent door.
 10922 | D:9      | Noticed Lanacter's ghost (journeyman TeAE)
 10934 | D:9      | Noticed Harold
 10945 | D:9      | Killed Harold
 10946 | D:9      | Gained mutation: You are completely covered in yellow
                  | scales. (AC +4, rCorr) [demonic ancestry]
 10946 | D:9      | Reached XP level 11. HP: 40/77 MP: 11/11
 11616 | D:9      | Killed Lanacter's ghost
 11795 | D:8      | Bought a scroll of identify for 28 gold pieces
 11856 | D:10     | Entered Level 10 of the Dungeon
 11968 | D:10     | Noticed a two-headed ogre
 11980 | D:10     | Killed a two-headed ogre
 12132 | D:10     | Found a hazy altar of Hepliaklqana.
 12247 | D:10     | Noticed a two-headed ogre
 12256 | D:10     | Killed a two-headed ogre
 12257 | D:10     | Reached skill level 14 in Maces & Flails
 12322 | D:11     | Noticed a skeletal warrior
 12325 | D:11     | Noticed a skeletal warrior
 12327 | D:11     | Noticed a two-headed ogre
 12337 | D:11     | Killed a skeletal warrior
 12344 | D:11     | Noticed a skeletal warrior
 12344 | D:11     | Noticed a skeletal warrior
 12344 | D:11     | Noticed a skeletal warrior
 12351 | D:11     | Noticed a soul eater
 12352 | D:11     | Killed a two-headed ogre
 12357 | D:11     | Killed a skeletal warrior
 12365 | D:11     | Noticed Fannar
 12370 | D:11     | HP: 3/78 [skeletal warrior/+0 battleaxe of freezing (10)]
 12371 | D:11     | Mangled by a skeletal warrior

Illustrated notes

Levels and vault maps discovered:
D:1:      noname_arrival_rooms_in_the_neighbourhood, layout_loops_ring
D:2:      layout_loops_ring, minmay_pentomino_t4, uniq_natasha, uniq_robin
D:3:      layout_basic, serial_shops, shop, nicolae_diamond_shop, serial_glass,
          glass_columns_b, glass_columns_a, grunt_ministairs_3,
          hangedman_abyss_or_decor_lesser_grid, dreamdust_princess_corridor,
          dreamdust_princess_bridge, uniq_crazy_yiuf_cottage
D:4:      minmay_wonky_spiral, layout_basic, saegor_snake_ambush
D:5:      layout_loops_ring, minmay_temple_entry_large_hall,
          gup_sewer_entry_bowl, glass_columns_b
D:6:      layout_cave_pools, hangedman_decor_lopped, kennysheep_donut
D:7:      minmay_bubble_buster, layout_rooms, nicolae_stop_n_shop_1
D:8:      layout_loops_ring, serial_shops, nicolae_shop_window_shopping,
          nicolae_shop_hallway_stairs, shop_fountains, st_stairs_4
D:9:      layout_irregular_city, erik_orc_4, gammafunk_ghost_grave, uniq_grum,
          uniq_harold
D:10:     layout_rooms, lemuel_crystal_altar
D:11:     layout_basic, david_lair_generic, chequers_serial_rivers_small_3,
          nicolae_benzene_ring, grunt_ministairs_4, serial_bayou_pond_b,
          uniq_fannar
Temple:   kilobyte_greek_temple

Skill      XL: |  1  2  3  4  5  6  7  8  9 10 11 |
---------------+----------------------------------+-----
Maces & Flails | 3 4 5 6 7 9 11 13 14 | 14.8
Dodging        | 3 |  3.0
Throwing       | 2 3 4 5 6 |  6.0
Unarmed Combat | 1 2 3 4 |  4.0
Armour         | 2 4 |  4.0
Stealth        | 2 |  2.0
Evocations     | 1 2 |  2.0
Fighting       | 4 |  4.4

Action                     |  1- 3 |  4- 6 |  7- 9 | 10-12 || total
---------------------------+-------+-------+-------+-------++-------
  Melee: Flail             |    92 |   141 |    74 |    78 ||   385
         Punch             |     1 |     1 |     7 |     8 ||    17
         Touch             |       |    34 |    67 |    52 ||   153
         Whip              |       |    24 |   106 |       ||   130
         Morningstar       |       |    22 |   170 |   201 ||   393
  Throw: Dart              |       |     1 |    13 |    34 ||    48
         Throwing net      |       |     1 |       |       ||     1
  Evoke: Wand              |       |       |       |     1 ||     1
    Use: Scroll            |       |    10 |     8 |     5 ||    23
         Potion            |       |       |     4 |     4 ||     8
   Stab: Sleeping          |     1 |       |       |       ||     1
 Armour: Leather armour    |     9 |       |       |       ||     9
         Plate armour      |    40 |    60 |       |       ||   100
         Chain mail        |       |    34 |   167 |   118 ||   319
         Skin              |       |       |     5 |       ||     5
  Dodge: Dodged            |    42 |   114 |   197 |   149 ||   502
  Block: Other             |       |       |    20 |    48 ||    68
         Reflection        |       |       |     1 |       ||     1

Table legend: (Time is in decaauts)
 A = Elapsed time spent in this place.
 B = Non-inter-level travel time spent in this place.
 C = Inter-level travel time spent in this place.
 D = Time resting spent in this place.
 E = Time spent auto-exploring this place.
 F = Levels seen in this place.
 G = Mean time per level.
                   A        B        C        D        E       F      G
               +--------+--------+--------+--------+--------+-----+--------+
         Total |  12544 |  10230 |   2314 |   1790 |   5694 |  13 |  964.9 |
       Dungeon |  11408 |   9095 |   2313 |   1623 |   5020 |  11 | 1037.1 |
        Temple |    149 |    148 |      1 |      0 |    133 |   1 |  149.0 |
         Sewer |    987 |    987 |      0 |    167 |    541 |   1 |  987.0 |
               +--------+--------+--------+--------+--------+-----+--------+

Top non-repeatable levels by time:
     D:5: 1654 daAuts
     D:9: 1546 daAuts
     D:3: 1510 daAuts
     D:4: 1246 daAuts
     D:8: 1158 daAuts
     D:7: 1101 daAuts
   Sewer: 987 daAuts
     D:1: 958 daAuts
     D:6: 901 daAuts
     D:2: 877 daAuts
    D:10: 406 daAuts
  Temple: 149 daAuts
    D:11: 46 daAuts
